 Dungeon Crawl Stone Soup version 0.23.2-33-g5129a83184 (webtiles) character file.

Game seed: 6303563364352489529

116 psyvane the Conjurer (level 5, -2/31 HPs)
             Began as an Octopode Conjurer on July 6, 2019.
             Killed from afar by Natasha (7 damage)
             ... with a magic dart
             ... on level 2 of the Dungeon.
             The game lasted 00:11:12 (2530 turns).

psyvane the Conjurer (Octopode Conjurer)            Turns: 2530, Time: 00:11:15

Health: -2/31      AC:  1    Str:  7    XL:     5   Next: 0%
Magic:  0/8        EV: 13    Int: 17    God:
Gold:   128        SH:  5    Dex: 14    Spells: 2/8 levels left

rFire    + . .     SeeInvis .   (no weapon)
rCold    x . .     Gourm    .   (no shield)
rNeg     . . .     Faith    .   (helmet restricted)
rPois    .         Spirit   .   g - +5 amulet of reflection
rElec    .         Reflect  +   a - ring of fire
rCorr    .         Harm     .   (no ring)
MR       .....                  (no ring)
Stlth    +++.......             (no ring)
HPRegen  0.10/turn              (no ring)
MPRegen  0.11/turn              (no ring)
                                (no ring)
                                (no ring)

@: very slightly contaminated
A: almost no armour, stealthy swim, amphibious, 8 rings, constrict 8, camouflage
1, gelatinous body 1
a: no special abilities


You were on level 2 of the Dungeon.
You were not hungry.

You visited 1 branch of the dungeon, and saw 2 of its levels.

You collected 128 gold pieces.

Inventory:

Missiles
 k - 39 stones (quivered)
Jewellery
 a - a ring of fire (left tentacle)
 g - a +5 amulet of reflection (around mantle)
Scrolls
 d - 2 scrolls of blinking {unknown}
 h - 3 scrolls of identify {unknown}
 i - 2 scrolls of immolation {unknown}
 j - a scroll of teleportation {unknown}
 l - a scroll of remove curse {unknown}
Potions
 c - a potion of flight {unknown}
 e - a potion of curing
 m - a potion of haste {unknown}
 n - a potion of brilliance {unknown}
Comestibles
 b - 2 rations
 f - 2 chunks of flesh


   Skills:
 - Level 2.0 Dodging
 - Level 2.6 Stealth
 - Level 2.0 Spellcasting
 * Level 6.1 Conjurations


You had 2 spell levels left.
You knew the following spells:

 Your Spells              Type           Power        Failure   Level  Hunger
a - Magic Dart            Conj           ###.         1%          1    #......
b - Searing Ray           Conj           ###...       2%          2    ###....
c - Dazzling Spray        Conj/Hex       ##....       16%         3    ###....

Your spell library contained the following spells:

 Spells                   Type           Power        Failure   Level  Hunger
 Iskenderun's Mystic Bla  Conj           ###.....     16%         4    #####..
 Force Lance              Conj/Tloc      ##......     47%         4    #####..
 Fulminant Prism          Conj/Hex       ##........   47%         4    #####..


Dungeon Overview and Level Annotations

Branches:
Dungeon (2/15)

Altars:
Makhleb
Okawaru
Qazlal

Annotations:
D:2 Natasha


Innate Abilities, Weirdness & Mutations

You cannot wear most types of armour.
You are very stealthy in the water. (Stealth+)
You are amphibious.
You can wear up to eight rings at the same time.
You can use your tentacles to constrict eight enemies at once.
Your skin changes colour to match your surroundings (Stealth+).
Your rubbery body absorbs attacks. (AC +1, EV +1)


Message History

The shadow imp shouts, "Away with thee, thou quaking kobold-kissing whey-face!"
Casting: Magic Dart (safe; 1% risk of failure)
Confirm with . or Enter, or press ? or * to list all spells.
Aiming: Magic Dart (safe; 1% risk of failure)
Press: ? - help, Shift-Dir - straight line, f/p - Natasha
Aim: Natasha (severely wounded)
The magic dart hits Natasha.
Natasha is almost dead.
You block Natasha's attack. The crimson imp closely misses you.
Natasha hisses.
Natasha casts a spell at you. The magic dart hits you.
* * * LOW HITPOINT WARNING * * *
You tentacle-slap Natasha but do no damage.
You grab Natasha.
Natasha is almost dead.
You constrict Natasha, but do no damage.
Natasha casts a spell at you. The magic dart hits you!
You die...

###>..####.##........# ##.###
#......###.####......# #..#
#.......##.##...#....# ##.## ##
#....#..........#....# #..#
.######..####..##.#.....## ##.#
....###....##.....####..### #..
..............#.### #....# ##.
....#####.........####..#.## #.
.....# ##......@...###....#####.
.....# ##...#h#.#...........##.
.....######...55.##...........##.
............##.#5<............##.
...........(##.......###.###.###.
............#.........##.# #..##.
............#.#..........####.##.
............................#.##.
............####.................


You could see Natasha, a crimson imp and a shadow imp.

Vanquished Creatures
  Natasha (D:2)
  2 gnolls (D:1)
  An ooze (D:1)
  A worm (D:2)
  4 dart slugs
  A leopard gecko (D:2)
  8 bats
  A giant cockroach (D:1)
  7 goblins
  6 hobgoblins
  4 jackals (D:1)
  6 frilled lizards
  8 kobolds
  2 rats
52 creatures vanquished.

Notes
Turn   | Place    | Note
-------+----------+-------------------------------------------
     0 | D:1      | psyvane the Octopode Conjurer began the quest for the Orb.
     0 | D:1      | Reached XP level 1. HP: 11/11 MP: 3/3
   309 | D:1      | Reached XP level 2. HP: 11/17 MP: 0/5
   313 | D:1      | Learned a level 2 spell: Searing Ray
  1107 | D:1      | Reached skill level 5 in Conjurations
  1107 | D:1      | Reached XP level 3. HP: 18/21 MP: 1/6
  1657 | D:1      | Reached XP level 4. HP: 27/27 MP: 4/7
  2006 | D:2      | Found an iron altar of Okawaru.
  2218 | D:2      | Noticed Natasha
  2224 | D:2      | Killed Natasha
  2224 | D:2      | Reached skill level 6 in Conjurations
  2334 | D:2      | Found a burning altar of Makhleb.
  2428 | D:2      | Found a stormy altar of Qazlal.
  2451 | D:2      | Learned a level 3 spell: Dazzling Spray
  2482 | D:2      | Reached XP level 5. HP: 31/31 MP: 6/8
  2514 | D:2      | Noticed Natasha
  2530 | D:2      | Killed from afar by Natasha

Skill      XL: |  1  2  3  4 |
---------------+-------------+-----
Conjurations   | 5 6 |  6.1
Dodging        | |  2.0
Stealth        | |  2.6
Spellcasting   | |  2.0

Action                   |  1- 3 |  4- 6 || total
-------------------------+-------+-------++-------
Melee: Unarmed           |    52 |    18 ||    70
       Constrict         |    15 |     5 ||    20
       Tentacles         |     9 |     4 ||    13
 Cast: Magic Dart        |    35 |    48 ||    83
       Searing Ray       |     1 |     2 ||     3
  Use: Potion            |       |     1 ||     1
 Stab: Sleeping          |     1 |       ||     1
  Eat: Chunk             |     3 |     3 ||     6
Armor: Skin              |     6 |     4 ||    10
Dodge: Dodged            |    32 |    15 ||    47
Block: Other             |    10 |     5 ||    15
